 Dungeon Crawl Stone Soup version 0.29.1-13-g9f3cf754e1 (webtiles) character file.

Game seed: 14713917921986417930

1917 xian the Covered (level 8, -5/60 HPs)
             Began as a Demonspawn Wanderer on Feb 10, 2023.
             Shot with an arrow by a centaur (8 damage)
             ... on level 7 of the Dungeon.
             The game lasted 00:15:18 (7616 turns).

xian the Covered (Demonspawn Wanderer)              Turns: 7616, Time: 00:15:19

Health: -5/60      AC: 11    Str: 18    XL:     8   Next: 95%
Magic:  0/8        EV:  6    Int: 12    God:
Gold:   382        SH: 14    Dex: 17    Spells: 7/7 levels left

rFire   . . .      SeeInvis .   r - +2 short sword (elec)
rCold   . . .      Faith    .   d - +4 kite shield of the Salamander {Stlth+}
rNeg    . . .      Spirit   +   A - +0 chain mail
rPois   +          Reflect  .   (helmet restricted)
rElec   .          Harm     .   (no cloak)
rCorr   .          Rampage  .   s - +0 pair of gloves
Will    .....                   (no boots)
Stlth   ..........              p - amulet of guardian spirit
HPRegen 0.20/turn               D - +6 ring of dexterity
MPRegen 0.22/turn               n - ring of poison resistance

@: no status effects
A: antennae 2, ignite blood 1, magic regeneration
a: no special abilities


You were on level 7 of the Dungeon.
You visited 1 branch of the dungeon, and saw 7 of its levels.

You collected 382 gold pieces.

Inventory:

Hand Weapons
 r - a +2 short sword of electrocution (weapon)
Missiles
 e - 17 poisoned darts (quivered)
 i - 8 boomerangs
Armour
 d - the +4 kite shield of the Salamander (worn) {Stlth+}
   (You acquired it on level 4 of the Dungeon)

   Stlth:     It makes you more stealthy.
 s - a +0 pair of gloves (worn)
 A - a +0 chain mail (worn)
Magical Staves
 E - a staff of conjuration
Jewellery
 h - an amulet of magic regeneration
 n - a ring of poison resistance (right hand)
 p - an amulet of guardian spirit (around neck)
 q - a ring of positive energy
 D - a +6 ring of dexterity (left hand)
Wands
 a - a wand of digging (9)
 F - a wand of polymorph (5)
Scrolls
 b - a scroll of blinking
 c - 2 scrolls of enchant armour {unknown}
 f - 2 scrolls of amnesia
 m - a scroll of summoning
 o - 5 scrolls of teleportation
 u - a scroll of immolation {unknown}
 v - a scroll of fog
 w - a scroll of poison
 x - a scroll of brand weapon {unknown}
 y - a scroll of identify
 C - a scroll of vulnerability {unknown}
 G - a scroll of enchant weapon
Potions
 g - a potion of might {unknown}
 j - a potion of resistance {unknown}
 k - a potion of lignification
 l - 2 potions of mutation
 t - 2 potions of brilliance {unknown}
 z - a potion of ambrosia
 B - 2 potions of curing {unknown}


   Skills:
 + Level 3.9 Fighting
 + Level 4.9 Short Blades
 + Level 2.3 Maces & Flails
 + Level 2.3 Throwing
 + Level 6.4 Armour
 + Level 2.4 Dodging
 + Level 3.1 Stealth
 + Level 4.1 Shields
 + Level 1.2 Invocations


You had 7 spell levels left.
You didn't know any spells.
Your spell library contained the following spells:

 Spells                   Type           Power      Damage    Failure   Level
 Freeze                   Ice            0%         1d3       100%        1
 Summon Small Mammal      Summ           0%         N/A       100%        1
 Call Canine Familiar     Summ           0%         N/A       100%        3
 Frozen Ramparts          Ice            0%         1d1       100%        3
 Ozocubu's Armour         Ice            0%         N/A       100%        3
 Summon Guardian Golem    Hex/Summ       0%         N/A       100%        3
 Hailstorm                Conj/Ice       0%         3d3       100%        4
 Metabolic Englaciation   Hex/Ice        0%         N/A       100%        5
 Simulacrum               Ice/Necr       0%         N/A       100%        6


Dungeon Overview and Level Annotations

Branches:
Dungeon (7/15)
 Temple: D:4-7

Altars:
Gozag
Nemelex Xobeh
Uskayaw
Xom

Shops:
D:3 [


Innate Abilities, Weirdness & Mutations

You have a pair of antennae on your head.
Your demonic aura sometimes causes spilled blood to erupt in flames.
You regenerate magic rapidly.


Message History

You block the centaur's attack.
The centaur kicks you but does no damage.
You barely miss the centaur. You block the centaur's attack. x2
The orc warrior hits you from afar with a +0 halberd.
The centaur hits you but does no damage.
The centaur barely misses you.
You hit the centaur but do no damage. The orc warrior barely misses you.
The centaur closely misses you. You block the centaur's attack.
You hit the centaur. Lightning courses through the centaur!
The centaur is almost dead.
You block the centaur's attack. The centaur closely misses you.
The orc warrior hits you from afar with a +0 halberd!
The orc priest casts a cantrip, but nothing happens.
The centaur barely misses you.
The centaur kicks you but does no damage.
You hit the centaur.
The centaur is almost dead.
You block the orc warrior's attack. You block the centaur's attack.
The centaur kicks you but does no damage.
You barely miss the centaur.
The centaur is almost dead.
You block the centaur's attack.
The centaur kicks you but does no damage.
The orc warrior hits you from afar with a +0 halberd.
The centaur hits you.
* * * LOW HITPOINT WARNING * * *
The centaur barely misses you.
You barely miss the centaur.
The centaur is almost dead.
You block the orc warrior's attack.
The orc priest mumbles some strange prayers to Beogh against you.
Beogh smites you!
* * * LOW HITPOINT WARNING * * *
The centaur hits you but does no damage.
The centaur kicks you.
* * * LOW HITPOINT WARNING * * *
The centaur attacks as you move away! You block the centaur's attack. x2
The centaur wields a +0 shortbow.
The centaur shoots an arrow.
You block the arrow.
The centaur shoots an arrow.
The arrow hits you!
You die...

#..# #..# #.##.
#.####..# #..#
#.#..
###...####.......#
#..# #....
##.......
#.#####.# ...#
###.. ........ ..#
#.##..## ##.
....... #.#
#.##..# #. #....#
#.# #.##..# #.
#....###o#####.#
#. ##....o{oc)@..#
#. #......o#######
#. #####.#.#######
#. ........##.....
## .####.#{{..#
#.#{####
#.........#
###o###o..# .[. .#


You could see an orc warrior, a centaur, 2 orc priests and an orc.

Vanquished Creatures
  Edmund (D:6)
  A water moccasin (D:6)
  Duvessa (D:3)
  An ice beast (D:7)
  2 black bears (D:6)
  An ogre (D:5)
  2 phantoms (D:5)
  5 necrophages
  3 scorpions
  Dowan (D:3)
  A howler monkey (D:6)
  A hound (D:5)
  2 orc priests
  2 iguanas
  5 orc wizards
  Robin (D:2)
  10 adders
  A shadow imp (D:6)
  An ufetubus (D:5)
  2 dart slugs
  21 orcs
  8 bats
  11 endoplasms
  9 giant cockroaches
  9 goblins
  12 hobgoblins
  6 jackals
  6 quokkas
  6 ball pythons
  4 frilled lizards
  10 kobolds
  10 rats
156 creatures vanquished.

Vanquished Creatures (others)
  An orc (D:3)
  2 plants (D:3)
3 creatures vanquished.

Grand Total: 159 creatures vanquished

Notes
Turn   | Place    | Note
-------+----------+-------------------------------------------
     0 | D:1      | xian the Demonspawn Wanderer began the quest for the Orb.
     0 | D:1      | xian set off with the following items: a +2 dagger, a
                  | scroll of blinking, a +0 mace, a +0 scale mail, a potion of
                  | heal wounds.
     0 | D:1      | Reached XP level 1. HP: 16/16 MP: 1/1
   271 | D:1      | Gained mutation: You have a pair of small antennae on your
                  | head. [demonic ancestry]
   271 | D:1      | Reached XP level 2. HP: 20/22 MP: 2/2
   544 | D:1      | Reached skill level 2 in Armour
  1011 | D:1      | Gained mutation: You have a pair of antennae on your head.
                  | [demonic ancestry]
  1011 | D:1      | Reached XP level 3. HP: 27/28 MP: 3/3
  1377 | D:2      | Identified the +0 leather armour of Diaplas {-Cast rC+
                  | Str+5}
  1520 | D:2      | Reached skill level 1 in Short Blades
  2089 | D:2      | Noticed Robin
  2095 | D:2      | Gained mutation: Your demonic aura sometimes causes spilled
                  | blood to erupt in flames. [demonic ancestry]
  2095 | D:2      | Reached XP level 4. HP: 30/34 MP: 4/4
  2098 | D:2      | Killed Robin
  2588 | D:3      | Found Becw's Antique Armour Shoppe.
  2699 | D:4      | Noticed Duvessa
  2699 | D:4      | Noticed Dowan
  2750 | D:3      | Killed Dowan
  2751 | D:3      | Reached skill level 3 in Armour
  2751 | D:3      | Reached XP level 5. HP: 19/39 MP: 5/5
  2757 | D:3      | Killed Duvessa
  2758 | D:3      | Reached skill level 1 in Dodging
  3092 | D:3      | Reached XP level 6. HP: 46/46 MP: 6/6
  3113 | D:3      | Found a sparkling altar of Nemelex Xobeh.
  3922 | D:3      | Found an opulent altar of Gozag.
  4724 | D:4      | Identified a scroll of acquirement
  4725 | D:4      | Acquired the +4 kite shield of the Salamander {Stlth+}
  5051 | D:4      | Found a hide-covered altar of Uskayaw.
  5186 | D:5      | Entered Level 5 of the Dungeon
  5199 | D:4      | Reached skill level 4 in Armour
  5328 | D:5      | Reached skill level 1 in Shields
  5345 | D:5      | Reached skill level 1 in Throwing
  5345 | D:5      | Gained mutation: You regenerate magic rapidly. [demonic
                  | ancestry]
  5345 | D:5      | Reached XP level 7. HP: 8/52 MP: 4/7
  5967 | D:5      | Reached skill level 5 in Armour
  6116 | D:5      | Reached XP level 8. HP: 46/58 MP: 8/8
  6501 | D:6      | Noticed Edmund
  6526 | D:6      | Killed Edmund
  6527 | D:6      | Reached skill level 6 in Armour
  6822 | D:6      | Found a shimmering altar of Xom.
  7615 | D:7      | HP: 3/60 [centaur (3)]
  7616 | D:7      | Shot with an arrow by a centaur

Illustrated notes

Levels and vault maps discovered:
D:1:      saegor_arrival_simple_c, layout_basic, minmay_worlds_worst_comb
D:2:      layout_basic, uniq_robin
D:3:      layout_basic, pdpol_temple_overflow_zin_treasury_gozag_greed,
          nemelex_diamond_rough_becter, nicolae_tso_carved_into_rock,
          serial_shops, nicolae_shop_overgrown_old_shop,
          nicolae_elevator_lobby_asterisk
D:4:      layout_cave_pods, marbit_many_paths, uniq_duvessa
D:5:      layout_rooms
D:6:      layout_loops_cross, nicolae_overflow_crystal_walls, uniq_edmund
D:7:      layout_loops_ring, dk_yredelemnul_ordeal, minmay_temple_entry_waves,
          dk_noncrumbling_2

Skill      XL: |  1  2  3  4  5  6  7  8 |
---------------+-------------------------+-----
Maces & Flails | 2 |  2.3
Stealth        | 3 |  3.1
Armour         | 2 3 4 5 6 |  6.4
Short Blades   | 1 2 3 4 |  4.9
Dodging        | 1 2 |  2.4
Fighting       | 3 |  3.9
Shields        | 1 2 4 |  4.1
Throwing       | 1 2 |  2.3
Invocations    | |  1.2

Action                   |  1- 3 |  4- 6 |  7- 9 || total
-------------------------+-------+-------+-------++-------
Melee: Dagger            |   177 |   109 |       ||   286
       Punch             |     2 |       |       ||     2
       Short sword       |       |   107 |   217 ||   324
Throw: Stone             |       |    42 |    26 ||    68
       Dart              |       |       |     3 ||     3
  Use: Scroll            |       |    12 |     1 ||    13
       Potion            |       |     2 |       ||     2
Armor: Scale mail        |    88 |   120 |       ||   208
       Skin              |       |    12 |       ||    12
       Chain mail        |       |    26 |   100 ||   126
Dodge: Dodged            |    90 |   123 |    43 ||   256
Block: Buckler           |       |    19 |       ||    19
       Kite shield       |       |    22 |   160 ||   182
